 Dungeon Crawl Stone Soup version 0.17-a0-1123-g6d3914c (console) character file.

91 Monkaria the Skirmisher (level 4, 0/37 HPs)
             Began as a Demonspawn Chaos Knight on May 24, 2015.
             Succumbed to a gnoll's poison
             ... on level 2 of the Dungeon.
             The game lasted 00:01:36 (956 turns).

Monkaria the Skirmisher (Demonspawn Chaos Knight)    Turns: 956, Time: 00:01:36

Health: 0/37       AC:  5    Str: 13    XL:     4   Next: 34%
Magic:  4/4        EV: 11    Int: 13    God:    Xom [..*...]
Gold:   143        SH:  0    Dex: 13    Spells: 0 memorised, 3 levels left

rFire  . . .     SeeInvis .     a - +0 falchion (chaos)
rCold  . . .     Clarity  .     b - +2 leather armour
rNeg   . . .     SustAt   .     (no shield)
rPois  .         Gourm    .     (no helmet)
rElec  .         Spirit   .     (no cloak)
rCorr  .         Warding  .     (no gloves)
rMut   .         Stasis   .     (no boots)
MR     .....                    (no amulet)
Stlth  +.........               (no ring)
                                (no ring)

@: lethally poisoned (0 -> -23), very slightly contaminated, hasted, very quick,
not resistant to hostile enchantments, very unstealthy
A: claws 1, powered by pain 2
a: Renounce Religion


You were on level 2 of the Dungeon.
You worshipped Xom.
You were a toy of Xom.
You were not hungry.

You visited 1 branch of the dungeon, and saw 2 of its levels.

You collected 143 gold pieces.

Inventory:

Hand weapons
 a - a +0 falchion of chaos (weapon)
Missiles
 o - 13 poisoned needles
Armour
 b - a +2 leather armour (worn)
Jewellery
 g - an uncursed ring of stealth {unknown}
Magical devices
 j - a wand of slowing (29)
Scrolls
 d - a scroll of teleportation {unknown}
 i - a scroll of blinking {unknown}
 l - 2 scrolls of identify {unknown}
 p - a scroll of remove curse {unknown}
Potions
 e - 2 potions of haste
 f - a potion of heal wounds {unknown}
 k - a potion of might {unknown}
 m - a potion of degeneration {unknown}
 n - a potion of lignification {unknown}
Comestibles
 c - a bread ration
 h - a meat ration
 q - 4 fruits


   Skills:
 - Level 4.3 Fighting
 - Level 2.6 Long Blades
 + Level 3.1 Armour
 - Level 0.8 Dodging


You had 3 spell levels left.
You didn't know any spells.

Dungeon Overview and Level Annotations

Branches:
Dungeon (2/15)

Altars:


Innate Abilities, Weirdness & Mutations

You have sharp fingernails.
You sometimes gain power by taking damage.


Message History

You are poisoned.
You slash the gnoll!
You kill the gnoll!
Your Armour skill increases to level 3!
You feel sick. The gnoll closely misses you. The gnoll hits you with a flail!
The gnoll hits you from afar with a halberd of venom!
* * * LOW HITPOINT WARNING * * *
You are lethally poisoned!
The gnoll barely misses you.
Drink which item? (? for menu, Esc to quit)
It was a potion of haste.
You feel yourself speed up.
* * * LOW HITPOINT WARNING * * *
You feel sick. The gnoll hits you with a flail!
* * * LOW HITPOINT WARNING * * *
The gnoll misses you.
You are very lightly contaminated with residual magic.
* * * LOW HITPOINT WARNING * * *
You feel sick.
You die...
Xom titters!

#..##.# ##### #
#..##.#
#######... .
#..##.#
.........##.#
#..##.#
......g?..#.#
#..##.##
......g)....#
#......#
#g#.####.#.....##
#........#.###.#
###@##########.##
#.# #......# #.#
#.######
#.######.#
#........#
##########


You could see 3 gnolls.

Vanquished Creatures
  Jessica (D:2)
  A gnoll (D:2)
  2 adders
  An ooze (D:1)
  A giant gecko (D:2)
  4 giant cockroaches (D:1)
  5 hobgoblins
  4 kobolds (D:1)
  A quokka (D:2)
  4 bats (D:1)
  A giant newt (D:2)
  5 goblins
30 creatures vanquished.

Notes
Turn   | Place    | Note
--------------------------------------------------------------
     0 | D:1      | Monkaria the Demonspawn Chaos Knight began the quest for the Orb.
     0 | D:1      | Reached XP level 1. HP: 18/18 MP: 1/1
   118 | D:1      | Gained mutation: You sometimes gain a little power by taking damage. [demonic ancestry]
   118 | D:1      | Reached XP level 2. HP: 24/24 MP: 2/2
   271 | D:1      | Reached skill level 4 in Fighting
   283 | D:1      | XOM: colour smoke trail
   399 | D:1      | XOM: divination: detect items
   515 | D:1      | Gained mutation: You sometimes gain power by taking damage. [demonic ancestry]
   515 | D:1      | Reached XP level 3. HP: 24/30 MP: 3/3
   743 | D:2      | Noticed Jessica
   754 | D:2      | Killed Jessica
   754 | D:2      | Gained mutation: You have sharp fingernails. [demonic ancestry]
   754 | D:2      | Reached XP level 4. HP: 35/37 MP: 4/4
   955 | D:2      | HP: 1/37 [poisoned by a gnoll]
   956 | D:2      | Succumbed to a gnoll's poison

Vault maps used:
D:1:      roderic_dead_forest
D:2:      minmay_goblin_kobold_house, uniq_jessica

Action                   |  1- 3 |  4- 6 || total
-------------------------+-------+-------++-------
Melee: Falchion          |    82 |    16 ||    98
  Use: Potion            |       |     1 ||     1
 Stab: Sleeping          |     1 |       ||     1
